Edmonton Oilers vs Vegas Golden Knights
Created - Wednesday, October 8, 2025 at 07:52
Goals
|
| Edmonton Oilers |
1 |
2 |
1 |
4 |
| Vegas Golden Knights |
1 |
2 |
0 |
3 |
|
Shots
|
| Edmonton Oilers |
10 |
18 |
8 |
36 |
| Vegas Golden Knights |
14 |
11 |
14 |
39 |
|
1st period
1. Edmonton Oilers , Dylan Holloway 8 (Brandon Carlo 21, Dawson Mercer 21) at 5:51
2. Vegas Golden Knights , Auston Matthews 24 (Mika Zibanejad 30, Bryan Rust 26) at 13:38
Penalties :
Zach Bogosian (VGK) for Roughing (Minor) at 2:20, Reilly Smith (VGK) for Roughing (Minor) at 8:53, Brett Pesce (EDM) for High sticking (Minor) at 16:43
2nd period
3. Vegas Golden Knights , Mika Zibanejad 16 (Auston Matthews 32, Bryan Rust 27) at 1:40
4. Vegas Golden Knights , Mathew Barzal 16 (Jordan Staal 16, Reilly Smith 9) at 4:14
5. Edmonton Oilers , Dawson Mercer 18 (Evan Bouchard 21, Jake DeBrusk 23) at 10:02 (PP)
6. Edmonton Oilers , David Savard 3 (Evan Bouchard 22, Jake DeBrusk 24) at 15:24 (PP)
Penalties :
Reilly Smith (VGK) for Cross-checking (Minor) at 8:42, Jordan Staal (VGK) for Tripping (Minor) at 14:51
3rd period
7. Edmonton Oilers , Dylan Holloway 9 (Brett Pesce 12, Dawson Mercer 22) at 12:19
Penalties :
Dawson Mercer (EDM) for Slashing (Minor) at 17:00
Goalie Stats
Karel Vejmelka (EDM), 36 saves from 39 shots - (0.923), W, 3-5-0, 60:00 minutes
Mackenzie Blackwood (VGK), 32 saves from 36 shots - (0.889), L, 19-8-3, 59:10 minutes
Players Stats for Edmonton Oilers
Player Name G A P +/- PIM S H SB GA TA FO MP PP MP PK MP
------------------------------------------------------------------------------------
Adrian Kempe 0 0 0 -2 0 1 2 0 3 0 1/4 19:45 2:57 2:02
Brandon Carlo 0 1 1 -3 0 1 1 1 0 0 0/0 27:33 2:41 2:16
Brett Pesce 0 1 1 1 2 0 0 3 0 0 0/0 12:23 0:00 0:00
Brock Boeser 0 0 0 -2 0 2 2 2 0 0 1/2 19:45 2:57 2:02
Corey Perry 0 0 0 0 0 2 1 0 0 0 0/0 9:18 0:00 0:08
David Perron 0 0 0 0 0 1 2 0 0 0 1/3 15:23 2:54 0:00
David Savard 1 0 1 1 0 2 1 1 0 0 0/0 20:09 3:10 1:42
Dawson Mercer 1 2 3 1 2 4 2 0 1 1 0/1 17:52 2:54 0:06
Derek Ryan 0 0 0 0 0 1 0 0 0 0 0/0 12:40 0:00 0:00
Drake Caggiula 0 0 0 0 0 3 0 0 0 0 0/0 8:54 0:00 0:02
Dylan Holloway 2 0 2 1 0 2 1 0 1 0 5/21 13:46 0:00 0:00
Evan Bouchard 0 2 2 1 0 4 0 0 0 1 0/0 20:09 3:10 1:42
Jacob Trouba 0 0 0 -3 0 1 2 2 0 2 0/0 27:33 2:41 2:16
Jake DeBrusk 0 2 2 1 0 2 2 1 0 0 1/2 18:29 2:54 1:48
Morgan Barron 0 0 0 0 0 4 1 1 3 0 3/12 12:50 0:10 0:00
Ryan McLeod 0 0 0 -2 0 3 0 1 2 1 9/22 19:21 2:47 1:48
Scott Mayfield 0 0 0 1 0 1 1 0 0 0 0/0 12:18 0:00 0:00
Tanner Jeannot 0 0 0 0 0 2 1 0 0 0 3/5 7:52 0:00 0:00
Players Stats for Vegas Golden Knights
Player Name G A P +/- PIM S H SB GA TA FO MP PP MP PK MP
------------------------------------------------------------------------------------
Andreas Athanasiou 0 0 0 -1 0 3 1 0 0 0 6/10 11:15 0:00 2:59
Anthony Mantha 0 0 0 -1 0 1 1 0 0 0 0/0 9:18 2:04 0:00
Auston Matthews 1 1 2 2 0 4 2 0 0 2 3/3 20:36 1:58 2:42
Bryan Rust 0 2 2 2 0 3 1 0 2 0 2/2 18:25 1:58 0:31
Jack Johnson 0 0 0 1 0 1 1 0 0 2 0/0 16:32 0:00 3:02
Jared McCann 0 0 0 0 0 2 1 0 1 0 1/1 16:03 1:52 0:00
Jordan Staal 0 1 1 0 2 4 3 0 1 1 8/14 14:16 0:08 2:21
Mathew Barzal 1 0 1 0 0 5 0 0 0 0 0/0 13:15 0:08 0:07
Mathieu Olivier 0 0 0 -1 0 1 1 0 0 0 0/0 10:19 0:00 3:02
Mika Zibanejad 1 1 2 2 0 5 2 1 0 0 18/24 17:52 1:58 0:00
Reilly Smith 0 1 1 0 4 2 1 2 0 0 0/0 12:59 0:00 0:00
Roman Josi 0 0 0 0 0 1 0 3 0 0 0/0 27:51 1:22 3:02
Sean Monahan 0 0 0 0 0 3 1 0 0 0 9/17 16:12 2:00 0:00
Shea Theodore 0 0 0 0 0 1 0 2 0 1 0/0 24:16 1:54 0:00
Thomas Chabot 0 0 0 0 0 0 0 0 1 3 0/0 19:21 2:36 2:49
Travis Hamonic 0 0 0 0 0 1 2 1 0 0 0/0 16:45 0:00 2:49
Tyler Toffoli 0 0 0 0 0 2 2 0 0 0 1/1 16:03 1:52 0:00
Zach Bogosian 0 0 0 1 2 0 0 2 0 1 0/0 12:47 0:00 0:00
3 Stars
1 - Dylan Holloway (EDM)
2 - Mika Zibanejad (VGK)
3 - Dawson Mercer (EDM)
Power Play
Edmonton Oilers - 2 on 4 Attempt(s) - 50.00%
Vegas Golden Knights - 0 on 2 Attempt(s) - 0.00%
Penalty Kill
Edmonton Oilers - 2 on 2 Attempt(s) - 100.00%
- Score 0 goal in Penalty Kill
Vegas Golden Knights - 2 on 4 Attempt(s) - 50.00%
- Score 0 goal in Penalty Kill
Team Stat
Edmonton Oilers - Hits : 19 - Faceoff Wins : 24 - Blocked Shots : 12 - Penalty Minutes : 4
Vegas Golden Knights - Hits : 19 - Faceoff Wins : 48 - Blocked Shots : 11 - Penalty Minutes : 8
Official
Referees : Brandon Blandina and Kelly Sutherland
Linesman : Travis Toomey and Shandor Alphonso
Game Notes
No Game Note
Finance
Level 1 -- Attendance: 5580 (93.00%) -- Ticket Income $530,100
Level 2 -- Attendance: 4589 (91.78%) -- Ticket Income $252,395
Level 3 -- Attendance: 2758 (91.93%) -- Ticket Income $82,740
Level 4 -- Attendance: 4841 (96.82%) -- Ticket Income $96,820
Luxury Box -- Attendance: 875 (87.50%) -- Ticket Income $166,250
Game was played at the T-Mobile Arena.
Total Attendance: 18643 (93.22%)
Total Ticket Income: $1,128,305
Other Income: $394,907
Total Income: $1,523,212
Edmonton Oilers
5 vs 5 Forward
Center Left Wing Right Wing Time % Phy DF OF
1 Ryan McLeod Adrian Kempe Brock Boeser 30 1 2 2
2 Dylan Holloway Jake DeBrusk Dawson Mercer 30 1 2 2
3 Morgan Barron Derek Ryan David Perron 25 1 2 2
4 Tanner Jeannot Drake Caggiula Corey Perry 15 1 2 2
5 vs 5 Defense
Defense Defense Time % Phy DF OF
1 Jacob Trouba Brandon Carlo 30 1 2 2
2 David Savard Evan Bouchard 30 1 2 2
3 Scott Mayfield Brett Pesce 25 1 2 2
4 Jacob Trouba Brandon Carlo 15 1 2 2
PowerPlay Forward
Center Left Wing Right Wing Time % Phy DF OF
1 Ryan McLeod Adrian Kempe Brock Boeser 50 1 2 2
2 David Perron Jake DeBrusk Dawson Mercer 50 1 2 2
PowerPlay Defense
Defense Defense Time % Phy DF OF
1 Jacob Trouba Brandon Carlo 50 1 2 2
2 David Savard Evan Bouchard 50 1 2 2
Penalty Kill 4 Players Forward
Center Wing Time % Phy DF OF
1 Adrian Kempe Brock Boeser 50 1 2 2
2 Jake DeBrusk Ryan McLeod 50 1 2 2
Penalty Kill 4 Players Defense
Defense Defense Time % Phy DF OF
1 Jacob Trouba Brandon Carlo 50 1 2 2
2 David Savard Evan Bouchard 50 1 2 2
Penalty Kill - 3 Players Forward
Forward Time % Phy DF OF
1 Adrian Kempe 50 1 2 2
2 Brock Boeser 50 1 2 2
Penalty Kill - 3 Players Defense
Defense Defense Time % Phy DF OF
1 Jacob Trouba Brandon Carlo 50 1 2 2
2 David Savard Evan Bouchard 50 1 2 2
4 vs 4 Forward
Center Wing Time % Phy DF OF
1 Adrian Kempe Brock Boeser 50 1 2 2
2 Jake DeBrusk Ryan McLeod 50 1 2 2
4 vs 4 Defense
Defense Defense Time % Phy DF OF
1 Brett Pesce Brandon Carlo 50 1 2 2
2 David Savard Evan Bouchard 50 1 2 2
Last Minutes Offensive
Center Left Wing Right Wing Defense Defense
Ryan McLeod Adrian Kempe Brock Boeser Jacob Trouba Brandon Carlo
Last Minutes Defensive
Center Left Wing Right Wing Defense Defense
Ryan McLeod Adrian Kempe Brock Boeser Jacob Trouba Brandon Carlo
Goaltenders
Starting : Karel Vejmelka
Backup : Juuse Saros
Extra Forwards
Normal : Morgan Barron, David Perron, Corey Perry - PP : Morgan Barron, David Perron - PK : Corey Perry
Extra Defensemen
Normal : Brandon Carlo, Brett Pesce, David Savard - PP : Brandon Carlo - PK : Brett Pesce, David Savard
Penalty Shots
Adrian Kempe, Brock Boeser, Jake DeBrusk, David Perron, Ryan McLeod
Scratches
Luke Hughes (Healthy), Troy Stecher (Healthy), Jeff Carter (Healthy), Boone Jenner (Lower Body Injury), Jonathan Quick (Healthy)
Vegas Golden Knights
5 vs 5 Forward
Center Left Wing Right Wing Time % Phy DF OF
1 Mika Zibanejad Auston Matthews Bryan Rust 30 1 2 2
2 Sean Monahan Jared McCann Tyler Toffoli 30 1 2 2
3 Jordan Staal Mathew Barzal Reilly Smith 25 1 2 2
4 Andreas Athanasiou Mathieu Olivier Anthony Mantha 15 1 2 2
5 vs 5 Defense
Defense Defense Time % Phy DF OF
1 Roman Josi Shea Theodore 30 1 2 2
2 Thomas Chabot Travis Hamonic 30 1 2 2
3 Jack Johnson Zach Bogosian 25 1 2 2
4 Roman Josi Shea Theodore 15 1 2 2
PowerPlay Forward
Center Left Wing Right Wing Time % Phy DF OF
1 Mika Zibanejad Auston Matthews Bryan Rust 50 1 2 2
2 Sean Monahan Jared McCann Tyler Toffoli 50 1 2 2
PowerPlay Defense
Defense Defense Time % Phy DF OF
1 Shea Theodore Thomas Chabot 50 1 2 2
2 Roman Josi Anthony Mantha 50 1 2 2
Penalty Kill 4 Players Forward
Center Wing Time % Phy DF OF
1 Jordan Staal Auston Matthews 50 1 2 2
2 Andreas Athanasiou Mathieu Olivier 50 1 2 2
Penalty Kill 4 Players Defense
Defense Defense Time % Phy DF OF
1 Thomas Chabot Travis Hamonic 50 1 2 2
2 Roman Josi Jack Johnson 50 1 2 2
Penalty Kill - 3 Players Forward
Forward Time % Phy DF OF
1 Jordan Staal 50 1 2 2
2 Andreas Athanasiou 50 1 2 2
Penalty Kill - 3 Players Defense
Defense Defense Time % Phy DF OF
1 Thomas Chabot Travis Hamonic 50 1 2 2
2 Shea Theodore Jack Johnson 50 1 2 2
4 vs 4 Forward
Center Wing Time % Phy DF OF
1 Mika Zibanejad Auston Matthews 50 1 2 2
2 Sean Monahan Tyler Toffoli 50 1 2 2
4 vs 4 Defense
Defense Defense Time % Phy DF OF
1 Shea Theodore Roman Josi 50 1 2 2
2 Thomas Chabot Travis Hamonic 50 1 2 2
Last Minutes Offensive
Center Left Wing Right Wing Defense Defense
Sean Monahan Auston Matthews Bryan Rust Shea Theodore Roman Josi
Last Minutes Defensive
Center Left Wing Right Wing Defense Defense
Jordan Staal Mathieu Olivier Reilly Smith Thomas Chabot Travis Hamonic
Goaltenders
Starting : Mackenzie Blackwood
Backup : Sergei Bobrovsky
Extra Forwards
Normal : Sean Monahan, Auston Matthews, Mika Zibanejad - PP : Jordan Staal, Sean Monahan - PK : Bryan Rust
Extra Defensemen
Normal : Thomas Chabot, Shea Theodore, Roman Josi - PP : Thomas Chabot - PK : Shea Theodore, Roman Josi
Penalty Shots
Mika Zibanejad, Sean Monahan, Bryan Rust, Anthony Mantha, Auston Matthews
Scratches
Erik Johnson (Healthy), Cole Smith (Healthy)
% Time on Ice - Edmonton Oilers
Lines # - Real PCT - Wanted PCT - Time Play
Normal Forward
1 - 29% - 30% - 14:46
2 - 30% - 30% - 14:53
3 - 25% - 25% - 12:40
4 - 16% - 15% - 7:52
Normal Defense
1 - 31% - 30% - 15:22
2 - 30% - 30% - 15:17
3 - 25% - 25% - 12:18
4 - 14% - 15% - 7:14
PP Forward
1 - 50% - 50% - 2:57
2 - 50% - 50% - 2:54
PP Defense
1 - 46% - 50% - 2:41
2 - 54% - 50% - 3:10
PK Forward
1 - 51% - 50% - 2:02
2 - 49% - 50% - 1:56
PK Defense
1 - 57% - 50% - 2:16
2 - 43% - 50% - 1:42
PK3 Forward
1 - 0% - 50%
2 - 0% - 50%
PK3 Defense
1 - 0% - 50%
2 - 0% - 50%
44 Forward
1 - 0% - 50%
2 - 0% - 50%
44 Defense
1 - 0% - 50%
2 - 0% - 50%
Last Minute Offensive - 0:00
Last Minute Defensive - 0:00
Total
Forward - 60:00
Defense - 60:00
|
% Time on Ice - Vegas Golden Knights
Lines # - Real PCT - Wanted PCT - Time Play
Normal Forward
1 - 32% - 30% - 15:56
2 - 29% - 30% - 14:12
3 - 24% - 25% - 11:47
4 - 15% - 15% - 7:17
Normal Defense
1 - 28% - 30% - 13:33
2 - 30% - 30% - 14:47
3 - 26% - 25% - 12:48
4 - 16% - 15% - 8:04
PP Forward
1 - 50% - 50% - 1:58
2 - 50% - 50% - 2:00
PP Defense
1 - 48% - 50% - 1:54
2 - 52% - 50% - 2:04
PK Forward
1 - 48% - 50% - 2:49
2 - 52% - 50% - 3:02
PK Defense
1 - 48% - 50% - 2:49
2 - 52% - 50% - 3:02
PK3 Forward
1 - 0% - 50%
2 - 0% - 50%
PK3 Defense
1 - 0% - 50%
2 - 0% - 50%
44 Forward
1 - 0% - 50%
2 - 0% - 50%
44 Defense
1 - 0% - 50%
2 - 0% - 50%
Last Minute Offensive - 0:59
Last Minute Defensive - 0:00
Total
Forward - 60:00
Defense - 60:00
|
Play-by-Play
1st period
0:01 of 1st period - Ryan McLeod wins face-off versus Mika Zibanejad in neutral zone.
0:38 of 1st period - Slapshot by Jared McCann.
0:38 of 1st period - Stopped by Karel Vejmelka with a rebound.
1:32 of 1st period - David Savard is hit by Mika Zibanejad and loses puck.
1:43 of 1st period - Wrist shot by Drake Caggiula.
1:43 of 1st period - Stopped by Mackenzie Blackwood with a rebound.
1:45 of 1st period - Slapshot by Scott Mayfield.
1:45 of 1st period - Shot Misses the Net.
1:47 of 1st period - Wrist shot by Corey Perry.
1:47 of 1st period - Stopped by Mackenzie Blackwood without a rebound.
1:48 of 1st period - Sean Monahan wins face-off versus Ryan McLeod in Vegas Golden Knights zone.
1:56 of 1st period - Off-side.
1:57 of 1st period - Sean Monahan wins face-off versus Ryan McLeod in neutral zone.
2:00 of 1st period - Adrian Kempe is hit by Jared McCann and loses puck.
2:09 of 1st period - Snap shot by Adrian Kempe.
2:09 of 1st period - Shot Blocked by Zach Bogosian.
2:20 of 1st period - Minor Penalty to Zach Bogosian for Roughing.
2:21 of 1st period - Jordan Staal wins face-off versus Ryan McLeod in Vegas Golden Knights zone.
2:21 of 1st period - Jordan Staal is hit by Jacob Trouba.
3:12 of 1st period - Andreas Athanasiou is hit by Adrian Kempe and loses puck.
3:42 of 1st period - Icing by Ryan McLeod.
3:43 of 1st period - Andreas Athanasiou wins face-off versus David Perron in Edmonton Oilers zone.
3:44 of 1st period - Wrist shot by Mathieu Olivier.
3:44 of 1st period - Stopped by Karel Vejmelka without a rebound.
3:45 of 1st period - David Perron wins face-off versus Andreas Athanasiou in Edmonton Oilers zone.
4:20 of 1st period - Penalty to Zach Bogosian is over, Zach Bogosian is back on ice.
4:40 of 1st period - Wrist shot by Jordan Staal.
4:40 of 1st period - Shot Blocked by Brett Pesce.
5:11 of 1st period - Sean Monahan is hit by Scott Mayfield and loses puck.
5:16 of 1st period - Wrist shot by Dawson Mercer.
5:16 of 1st period - Stopped by Mackenzie Blackwood without a rebound.
5:17 of 1st period - Jordan Staal wins face-off versus Dylan Holloway in Vegas Golden Knights zone.
5:32 of 1st period - Snap shot by Dawson Mercer.
5:32 of 1st period - Stopped by Mackenzie Blackwood with a rebound.
5:44 of 1st period - Dawson Mercer is hit by Andreas Athanasiou and loses puck.
5:51 of 1st period - Wrist shot by Dylan Holloway.
5:51 of 1st period - Goal by Dylan Holloway - Edmonton Oilers : 1 - Vegas Golden Knights : 0.
5:52 of 1st period - Mika Zibanejad wins face-off versus Ryan McLeod in neutral zone.
7:22 of 1st period - Wrist shot by Bryan Rust.
7:22 of 1st period - Stopped by Karel Vejmelka without a rebound.
7:23 of 1st period - Ryan McLeod wins face-off versus Mika Zibanejad in Edmonton Oilers zone.
7:32 of 1st period - Snap shot by Adrian Kempe.
7:32 of 1st period - Stopped by Mackenzie Blackwood with a rebound.
7:37 of 1st period - Off-side.
7:38 of 1st period - Sean Monahan wins face-off versus Morgan Barron in neutral zone.
7:47 of 1st period - Snap shot by Tyler Toffoli.
7:47 of 1st period - Shot Misses the Net.
8:12 of 1st period - Icing by Jordan Staal.
8:13 of 1st period - Ryan McLeod wins face-off versus Jordan Staal in Vegas Golden Knights zone.
8:26 of 1st period - Snap shot by Reilly Smith.
8:26 of 1st period - Stopped by Karel Vejmelka with a rebound.
8:36 of 1st period - Reilly Smith is hit by Jacob Trouba and loses puck.
8:43 of 1st period - Jacob Trouba is hit by Jordan Staal and loses puck.
8:53 of 1st period - Minor Penalty to Reilly Smith for Roughing.
8:54 of 1st period - Andreas Athanasiou wins face-off versus David Perron in Vegas Golden Knights zone.
10:53 of 1st period - Penalty to Reilly Smith is over, Reilly Smith is back on ice.
11:02 of 1st period - Snap shot by Drake Caggiula.
11:02 of 1st period - Shot Blocked by Shea Theodore.
11:04 of 1st period - Slapshot by Jacob Trouba.
11:04 of 1st period - Shot Misses the Net.
11:08 of 1st period - Slapshot by Tanner Jeannot.
11:08 of 1st period - Stopped by Mackenzie Blackwood with a rebound.
11:10 of 1st period - Snap shot by Drake Caggiula.
11:10 of 1st period - Shot Misses the Net.
11:43 of 1st period - Icing by Dawson Mercer.
11:44 of 1st period - Tanner Jeannot wins face-off versus Andreas Athanasiou in Edmonton Oilers zone.
12:19 of 1st period - Sean Monahan is hit by Brock Boeser and loses puck.
12:53 of 1st period - Shea Theodore is hit by Morgan Barron and loses puck.
13:02 of 1st period - Wrist shot by Reilly Smith.
13:02 of 1st period - Deflect By David Perron.
13:02 of 1st period - Stopped by Karel Vejmelka without a rebound.
13:03 of 1st period - Mika Zibanejad wins face-off versus Dylan Holloway in Edmonton Oilers zone.
13:06 of 1st period - Snap shot by Mika Zibanejad.
13:06 of 1st period - Stopped by Karel Vejmelka with a rebound.
13:08 of 1st period - Snap shot by Auston Matthews.
13:08 of 1st period - Stopped by Karel Vejmelka without a rebound.
13:09 of 1st period - Mika Zibanejad wins face-off versus Dylan Holloway in Edmonton Oilers zone.
13:10 of 1st period - Slapshot by Bryan Rust.
13:10 of 1st period - Stopped by Karel Vejmelka with a rebound.
13:12 of 1st period - Snap shot by Auston Matthews.
13:12 of 1st period - Shot Hit the Post.
13:14 of 1st period - Snap shot by Mika Zibanejad.
13:14 of 1st period - Stopped by Karel Vejmelka without a rebound.
13:15 of 1st period - Mika Zibanejad wins face-off versus Dylan Holloway in Edmonton Oilers zone.
13:24 of 1st period - Snap shot by Bryan Rust.
13:24 of 1st period - Stopped by Karel Vejmelka without a rebound.
13:25 of 1st period - Mika Zibanejad wins face-off versus Dylan Holloway in Edmonton Oilers zone.
13:30 of 1st period - Wrist shot by Bryan Rust.
13:30 of 1st period - Shot Misses the Net.
13:38 of 1st period - Snap shot by Auston Matthews.
13:38 of 1st period - Goal by Auston Matthews - Edmonton Oilers : 1 - Vegas Golden Knights : 1.
13:39 of 1st period - Ryan McLeod wins face-off versus Sean Monahan in neutral zone.
14:05 of 1st period - Zach Bogosian is hit by David Perron and loses puck.
14:18 of 1st period - Jacob Trouba is hit by Bryan Rust and loses puck.
14:33 of 1st period - Mathew Barzal is hit by Dawson Mercer and loses puck.
14:56 of 1st period - Wrist shot by Sean Monahan.
14:56 of 1st period - Shot Misses the Net.
14:58 of 1st period - Snap shot by Sean Monahan.
14:58 of 1st period - Stopped by Karel Vejmelka without a rebound.
14:59 of 1st period - Sean Monahan wins face-off versus Ryan McLeod in Edmonton Oilers zone.
16:09 of 1st period - Snap shot by Dawson Mercer.
16:09 of 1st period - Shot Misses the Net.
16:11 of 1st period - Slapshot by Scott Mayfield.
16:11 of 1st period - Stopped by Mackenzie Blackwood with a rebound.
16:13 of 1st period - Snap shot by Dawson Mercer.
16:13 of 1st period - Stopped by Mackenzie Blackwood with a rebound.
16:37 of 1st period - Slapshot by Tyler Toffoli.
16:37 of 1st period - Deflect By Brock Boeser.
16:37 of 1st period - Stopped by Karel Vejmelka with a rebound.
16:43 of 1st period - Minor Penalty to Brett Pesce for High sticking.
16:44 of 1st period - Auston Matthews wins face-off versus Adrian Kempe in Edmonton Oilers zone.
16:47 of 1st period - Wrist shot by Auston Matthews.
16:47 of 1st period - Shot Blocked by Brock Boeser.
17:11 of 1st period - Jared McCann is hit by Jake DeBrusk and loses puck.
17:20 of 1st period - Snap shot by Anthony Mantha.
17:20 of 1st period - Shot Blocked by Ryan McLeod.
17:22 of 1st period - Snap shot by Thomas Chabot.
17:22 of 1st period - Shot Blocked by Brandon Carlo.
18:43 of 1st period - Penalty to Brett Pesce is over, Brett Pesce is back on ice.
19:48 of 1st period - Slapshot by Dylan Holloway.
19:48 of 1st period - Shot Misses the Net.
19:50 of 1st period - Snap shot by Morgan Barron.
19:50 of 1st period - Deflect By David Perron.
19:50 of 1st period - Stopped by Mackenzie Blackwood without a rebound.
19:51 of 1st period - Andreas Athanasiou wins face-off versus Morgan Barron in Vegas Golden Knights zone.
19:56 of 1st period - Snap shot by Andreas Athanasiou.
19:56 of 1st period - Stopped by Karel Vejmelka without a rebound.
19:57 of 1st period - Bryan Rust wins face-off versus Brock Boeser in Edmonton Oilers zone.
19:58 of 1st period - Wrist shot by Mika Zibanejad.
19:58 of 1st period - Shot Misses the Net.
Goals for this period are 1 for Edmonton Oilers vs 1 for Vegas Golden Knights.
Shots for this period are 10 for Edmonton Oilers vs 14 for Vegas Golden Knights.
2nd period
0:01 of 2nd period - Adrian Kempe wins face-off versus Mika Zibanejad in neutral zone.
1:31 of 2nd period - Adrian Kempe is hit by Auston Matthews and loses puck.
1:40 of 2nd period - Slapshot by Mika Zibanejad.
1:40 of 2nd period - Goal by Mika Zibanejad - Edmonton Oilers : 1 - Vegas Golden Knights : 2.
1:41 of 2nd period - Dylan Holloway wins face-off versus Sean Monahan in neutral zone.
2:08 of 2nd period - Mika Zibanejad is hit by David Savard.
2:20 of 2nd period - Wrist shot by Morgan Barron.
2:20 of 2nd period - Stopped by Mackenzie Blackwood without a rebound.
2:21 of 2nd period - Ryan McLeod wins face-off versus Sean Monahan in Vegas Golden Knights zone.
2:24 of 2nd period - Wrist shot by Adrian Kempe.
2:24 of 2nd period - Shot Misses the Net.
2:26 of 2nd period - Snap shot by Ryan McLeod.
2:26 of 2nd period - Stopped by Mackenzie Blackwood without a rebound.
2:27 of 2nd period - Sean Monahan wins face-off versus Adrian Kempe in Vegas Golden Knights zone.
2:51 of 2nd period - Icing by Brandon Carlo.
2:52 of 2nd period - Ryan McLeod wins face-off versus Mika Zibanejad in Edmonton Oilers zone.
2:52 of 2nd period - Ryan McLeod is hit by Auston Matthews.
3:06 of 2nd period - Snap shot by Jake DeBrusk.
3:06 of 2nd period - Shot Hit the Post.
3:08 of 2nd period - Wrist shot by Dylan Holloway.
3:08 of 2nd period - Shot Misses the Net.
3:17 of 2nd period - Off-side.
3:18 of 2nd period - Jared McCann wins face-off versus Morgan Barron in neutral zone.
3:29 of 2nd period - Snap shot by Sean Monahan.
3:29 of 2nd period - Shot Blocked by Morgan Barron.
3:44 of 2nd period - Backhand shot by Evan Bouchard.
3:44 of 2nd period - Stopped by Mackenzie Blackwood without a rebound.
3:45 of 2nd period - Dylan Holloway wins face-off versus Mika Zibanejad in Vegas Golden Knights zone.
3:48 of 2nd period - Wrist shot by Jake DeBrusk.
3:48 of 2nd period - Stopped by Mackenzie Blackwood without a rebound.
3:49 of 2nd period - Mika Zibanejad wins face-off versus Dylan Holloway in Vegas Golden Knights zone.
4:00 of 2nd period - Snap shot by Mika Zibanejad.
4:00 of 2nd period - Stopped by Karel Vejmelka without a rebound.
4:01 of 2nd period - Jordan Staal wins face-off versus Ryan McLeod in Edmonton Oilers zone.
4:10 of 2nd period - Snap shot by Jordan Staal.
4:10 of 2nd period - Stopped by Karel Vejmelka with a rebound.
4:14 of 2nd period - Wrist shot by Mathew Barzal.
4:14 of 2nd period - Goal by Mathew Barzal - Edmonton Oilers : 1 - Vegas Golden Knights : 3.
4:15 of 2nd period - Mika Zibanejad wins face-off versus Dylan Holloway in neutral zone.
4:40 of 2nd period - Ryan McLeod is hit by Jordan Staal and loses puck.
4:47 of 2nd period - Snap shot by Jordan Staal.
4:47 of 2nd period - Stopped by Karel Vejmelka with a rebound.
4:49 of 2nd period - Slapshot by Jordan Staal.
4:49 of 2nd period - Deflect By Reilly Smith.
4:49 of 2nd period - Shot Misses the Net.
4:49 of 2nd period - Puck is out of play.
4:50 of 2nd period - Morgan Barron wins face-off versus Sean Monahan in Edmonton Oilers zone.
4:50 of 2nd period - Morgan Barron is hit by Tyler Toffoli.
5:02 of 2nd period - Wrist shot by Evan Bouchard.
5:02 of 2nd period - Deflect By Morgan Barron.
5:02 of 2nd period - Stopped by Mackenzie Blackwood without a rebound.
5:03 of 2nd period - Mika Zibanejad wins face-off versus Dylan Holloway in Vegas Golden Knights zone.
5:14 of 2nd period - Snap shot by Jake DeBrusk.
5:14 of 2nd period - Stopped by Mackenzie Blackwood with a rebound.
5:16 of 2nd period - Slapshot by Scott Mayfield.
5:16 of 2nd period - Shot Blocked by Zach Bogosian.
5:30 of 2nd period - Snap shot by Evan Bouchard.
5:30 of 2nd period - Stopped by Mackenzie Blackwood with a rebound.
5:34 of 2nd period - Wrist shot by David Perron.
5:34 of 2nd period - Shot Blocked by Mika Zibanejad.
5:58 of 2nd period - Slapshot by Reilly Smith.
5:58 of 2nd period - Shot Misses the Net.
6:00 of 2nd period - Snap shot by Reilly Smith.
6:00 of 2nd period - Shot Misses the Net.
6:02 of 2nd period - Snap shot by Mathew Barzal.
6:02 of 2nd period - Shot Misses the Net.
6:44 of 2nd period - Snap shot by Jake DeBrusk.
6:44 of 2nd period - Shot Misses the Net.
6:53 of 2nd period - Off-side.
6:54 of 2nd period - Morgan Barron wins face-off versus Jordan Staal in neutral zone.
6:59 of 2nd period - Wrist shot by Morgan Barron.
6:59 of 2nd period - Stopped by Mackenzie Blackwood without a rebound.
7:00 of 2nd period - Jordan Staal wins face-off versus Dylan Holloway in Vegas Golden Knights zone.
7:13 of 2nd period - Reilly Smith is hit by Jake DeBrusk and loses puck.
7:26 of 2nd period - Brandon Carlo is hit by Sean Monahan and loses puck.
7:35 of 2nd period - Snap shot by Jared McCann.
7:35 of 2nd period - Stopped by Karel Vejmelka without a rebound.
7:36 of 2nd period - Mika Zibanejad wins face-off versus Ryan McLeod in Edmonton Oilers zone.
8:42 of 2nd period - Minor Penalty to Reilly Smith for Cross-checking.
8:43 of 2nd period - Ryan McLeod wins face-off versus Andreas Athanasiou in Vegas Golden Knights zone.
9:10 of 2nd period - Dawson Mercer is hit by Jordan Staal and loses puck.
9:34 of 2nd period - Off-side.
9:35 of 2nd period - Andreas Athanasiou wins face-off versus Ryan McLeod in neutral zone.
9:40 of 2nd period - Adrian Kempe is hit by Travis Hamonic and loses puck.
9:46 of 2nd period - Off-side.
9:47 of 2nd period - Andreas Athanasiou wins face-off versus Jake DeBrusk in neutral zone.
9:56 of 2nd period - Slapshot by Dawson Mercer.
9:56 of 2nd period - Shot Misses the Net.
9:58 of 2nd period - Slapshot by Evan Bouchard.
9:58 of 2nd period - Deflect By Thomas Chabot.
9:58 of 2nd period - Stopped by Mackenzie Blackwood with a rebound.
10:00 of 2nd period - Snap shot by Dawson Mercer.
10:00 of 2nd period - Shot Misses the Net.
10:02 of 2nd period - Snap shot by Dawson Mercer.
10:02 of 2nd period - Goal by Dawson Mercer - Edmonton Oilers : 2 - Vegas Golden Knights : 3.
10:03 of 2nd period - Mika Zibanejad wins face-off versus Ryan McLeod in neutral zone.
10:13 of 2nd period - Off-side.
10:14 of 2nd period - Sean Monahan wins face-off versus Dylan Holloway in neutral zone.
10:26 of 2nd period - Snap shot by Dawson Mercer.
10:26 of 2nd period - Shot Misses the Net.
10:49 of 2nd period - Snap shot by Brock Boeser.
10:49 of 2nd period - Shot Blocked by Roman Josi.
10:51 of 2nd period - Slapshot by Brett Pesce.
10:51 of 2nd period - Deflect By Adrian Kempe.
10:51 of 2nd period - Shot Blocked by Roman Josi.
10:51 of 2nd period - Puck is out of play.
10:52 of 2nd period - Andreas Athanasiou wins face-off versus Morgan Barron in Vegas Golden Knights zone.
12:01 of 2nd period - Wrist shot by Corey Perry.
12:01 of 2nd period - Stopped by Mackenzie Blackwood with a rebound.
12:03 of 2nd period - Slapshot by David Savard.
12:03 of 2nd period - Stopped by Mackenzie Blackwood without a rebound.
12:04 of 2nd period - Mika Zibanejad wins face-off versus Tanner Jeannot in Vegas Golden Knights zone.
12:04 of 2nd period - Mika Zibanejad is hit by Tanner Jeannot.
12:18 of 2nd period - Backhand shot by Brandon Carlo.
12:18 of 2nd period - Stopped by Mackenzie Blackwood without a rebound.
12:19 of 2nd period - Sean Monahan wins face-off versus Morgan Barron in Vegas Golden Knights zone.
12:53 of 2nd period - Wrist shot by Mathew Barzal.
12:53 of 2nd period - Shot Blocked by Jacob Trouba.
13:01 of 2nd period - Wrist shot by Mathew Barzal.
13:01 of 2nd period - Stopped by Karel Vejmelka with a rebound.
13:24 of 2nd period - Slapshot by Brock Boeser.
13:24 of 2nd period - Stopped by Mackenzie Blackwood without a rebound.
13:25 of 2nd period - Auston Matthews wins face-off versus Morgan Barron in Vegas Golden Knights zone.
13:38 of 2nd period - Wrist shot by Auston Matthews.
13:38 of 2nd period - Stopped by Karel Vejmelka without a rebound.
13:39 of 2nd period - Brock Boeser wins face-off versus Sean Monahan in Edmonton Oilers zone.
14:10 of 2nd period - Icing by Thomas Chabot.
14:11 of 2nd period - Mika Zibanejad wins face-off versus Dylan Holloway in Vegas Golden Knights zone.
14:26 of 2nd period - Wrist shot by Jake DeBrusk.
14:26 of 2nd period - Shot Blocked by Travis Hamonic.
14:36 of 2nd period - Derek Ryan is hit by Travis Hamonic and loses puck.
14:51 of 2nd period - Minor Penalty to Jordan Staal for Tripping.
14:52 of 2nd period - Bryan Rust wins face-off versus Ryan McLeod in Vegas Golden Knights zone.
15:24 of 2nd period - Slapshot by David Savard.
15:24 of 2nd period - Goal by David Savard - Edmonton Oilers : 3 - Vegas Golden Knights : 3.
15:25 of 2nd period - Ryan McLeod wins face-off versus Sean Monahan in neutral zone.
15:58 of 2nd period - Slapshot by Tyler Toffoli.
15:58 of 2nd period - Shot Hit the Post.
16:02 of 2nd period - Snap shot by Sean Monahan.
16:02 of 2nd period - Stopped by Karel Vejmelka without a rebound.
16:03 of 2nd period - Jordan Staal wins face-off versus Dawson Mercer in Edmonton Oilers zone.
16:10 of 2nd period - Wrist shot by Jordan Staal.
16:10 of 2nd period - Shot Blocked by Brett Pesce.
16:55 of 2nd period - Snap shot by Anthony Mantha.
16:55 of 2nd period - Shot Misses the Net.
17:11 of 2nd period - Wrist shot by Adrian Kempe.
17:11 of 2nd period - Shot Misses the Net.
17:16 of 2nd period - Off-side.
17:17 of 2nd period - Dylan Holloway wins face-off versus Jordan Staal in neutral zone.
18:26 of 2nd period - Slapshot by Jacob Trouba.
18:26 of 2nd period - Stopped by Mackenzie Blackwood with a rebound.
18:28 of 2nd period - Slapshot by Jacob Trouba.
18:28 of 2nd period - Deflect By Drake Caggiula.
18:28 of 2nd period - Stopped by Mackenzie Blackwood with a rebound.
18:36 of 2nd period - Wrist shot by Tanner Jeannot.
18:36 of 2nd period - Stopped by Mackenzie Blackwood without a rebound.
18:37 of 2nd period - Auston Matthews wins face-off versus Dylan Holloway in Vegas Golden Knights zone.
19:04 of 2nd period - Zach Bogosian is hit by Brock Boeser and loses puck.
19:55 of 2nd period - Slapshot by Shea Theodore.
19:55 of 2nd period - Shot Misses the Net.
19:57 of 2nd period - Snap shot by Shea Theodore.
19:57 of 2nd period - Stopped by Karel Vejmelka with a rebound.
19:59 of 2nd period - Snap shot by Sean Monahan.
19:59 of 2nd period - Stopped by Karel Vejmelka without a rebound.
Goals for this period are 2 for Edmonton Oilers vs 2 for Vegas Golden Knights.
Shots for this period are 18 for Edmonton Oilers vs 11 for Vegas Golden Knights.
3rd period
0:01 of 3rd period - Mika Zibanejad wins face-off versus Dylan Holloway in neutral zone.
0:29 of 3rd period - Wrist shot by Tyler Toffoli.
0:29 of 3rd period - Shot Blocked by Brock Boeser.
0:50 of 3rd period - Off-side.
0:51 of 3rd period - Tanner Jeannot wins face-off versus Andreas Athanasiou in neutral zone.
1:06 of 3rd period - Wrist shot by Anthony Mantha.
1:06 of 3rd period - Shot Misses the Net.
1:26 of 3rd period - Snap shot by Auston Matthews.
1:26 of 3rd period - Shot Misses the Net.
1:36 of 3rd period - Jake DeBrusk is hit by Jack Johnson and loses puck.
1:45 of 3rd period - Wrist shot by Mathew Barzal.
1:45 of 3rd period - Stopped by Karel Vejmelka with a rebound.
1:47 of 3rd period - Snap shot by Jordan Staal.
1:47 of 3rd period - Stopped by Karel Vejmelka without a rebound.
1:48 of 3rd period - Sean Monahan wins face-off versus Morgan Barron in Edmonton Oilers zone.
1:51 of 3rd period - Wrist shot by Jared McCann.
1:51 of 3rd period - Shot Blocked by Jacob Trouba.
1:56 of 3rd period - Off-side.
1:57 of 3rd period - Morgan Barron wins face-off versus Sean Monahan in neutral zone.
2:07 of 3rd period - Wrist shot by Morgan Barron.
2:07 of 3rd period - Stopped by Mackenzie Blackwood with a rebound.
2:09 of 3rd period - Wrist shot by Derek Ryan.
2:09 of 3rd period - Shot Misses the Net.
2:11 of 3rd period - Slapshot by Derek Ryan.
2:11 of 3rd period - Stopped by Mackenzie Blackwood without a rebound.
2:12 of 3rd period - Ryan McLeod wins face-off versus Mika Zibanejad in Vegas Golden Knights zone.
2:19 of 3rd period - Wrist shot by Brock Boeser.
2:19 of 3rd period - Stopped by Mackenzie Blackwood with a rebound.
2:21 of 3rd period - Snap shot by Ryan McLeod.
2:21 of 3rd period - Stopped by Mackenzie Blackwood with a rebound.
3:05 of 3rd period - Wrist shot by Dawson Mercer.
3:05 of 3rd period - Shot Blocked by Reilly Smith.
3:11 of 3rd period - Slapshot by Jake DeBrusk.
3:11 of 3rd period - Shot Hit the Post.
3:31 of 3rd period - Wrist shot by Drake Caggiula.
3:31 of 3rd period - Stopped by Mackenzie Blackwood with a rebound.
4:09 of 3rd period - Thomas Chabot is hit by David Perron and loses puck.
4:44 of 3rd period - Wrist shot by Anthony Mantha.
4:44 of 3rd period - Stopped by Karel Vejmelka with a rebound.
4:46 of 3rd period - Slapshot by Travis Hamonic.
4:46 of 3rd period - Stopped by Karel Vejmelka without a rebound.
4:47 of 3rd period - Mika Zibanejad wins face-off versus Ryan McLeod in Edmonton Oilers zone.
5:02 of 3rd period - Brock Boeser is hit by Mika Zibanejad.
6:02 of 3rd period - Snap shot by David Perron.
6:02 of 3rd period - Shot Misses the Net.
6:14 of 3rd period - Brett Pesce is hit by Mathieu Olivier and loses puck.
6:41 of 3rd period - Wrist shot by Tyler Toffoli.
6:41 of 3rd period - Stopped by Karel Vejmelka with a rebound.
7:07 of 3rd period - Slapshot by Evan Bouchard.
7:07 of 3rd period - Shot Blocked by Reilly Smith.
8:08 of 3rd period - Snap shot by Adrian Kempe.
8:08 of 3rd period - Deflect By Brock Boeser.
8:08 of 3rd period - Shot Misses the Net.
8:08 of 3rd period - Puck is out of play.
8:09 of 3rd period - Tyler Toffoli wins face-off versus Ryan McLeod in Vegas Golden Knights zone.
8:48 of 3rd period - Slapshot by Ryan McLeod.
8:48 of 3rd period - Stopped by Mackenzie Blackwood without a rebound.
8:49 of 3rd period - Jordan Staal wins face-off versus Dylan Holloway in Vegas Golden Knights zone.
8:49 of 3rd period - Jordan Staal is hit by Dylan Holloway.
9:15 of 3rd period - Mika Zibanejad is hit by Corey Perry and loses puck.
10:06 of 3rd period - Brock Boeser is hit by Tyler Toffoli and loses puck.
10:14 of 3rd period - Icing by Ryan McLeod.
10:15 of 3rd period - Mika Zibanejad wins face-off versus Adrian Kempe in Edmonton Oilers zone.
11:01 of 3rd period - Off-side.
11:02 of 3rd period - Dylan Holloway wins face-off versus Jordan Staal in neutral zone.
11:29 of 3rd period - Sean Monahan is hit by Brandon Carlo and loses puck.
11:49 of 3rd period - Tanner Jeannot is hit by Anthony Mantha and loses puck.
11:56 of 3rd period - Slapshot by Evan Bouchard.
11:56 of 3rd period - Stopped by Mackenzie Blackwood with a rebound.
11:58 of 3rd period - Slapshot by Tanner Jeannot.
11:58 of 3rd period - Shot Misses the Net.
12:07 of 3rd period - Off-side.
12:08 of 3rd period - Dylan Holloway wins face-off versus Jordan Staal in neutral zone.
12:15 of 3rd period - Snap shot by Dylan Holloway.
12:15 of 3rd period - Shot Misses the Net.
12:17 of 3rd period - Slapshot by Brett Pesce.
12:17 of 3rd period - Shot Blocked by Shea Theodore.
12:19 of 3rd period - Snap shot by Dylan Holloway.
12:19 of 3rd period - Goal by Dylan Holloway - Edmonton Oilers : 4 - Vegas Golden Knights : 3.
12:20 of 3rd period - Jordan Staal wins face-off versus Dylan Holloway in neutral zone.
12:35 of 3rd period - Wrist shot by Jordan Staal.
12:35 of 3rd period - Stopped by Karel Vejmelka without a rebound.
12:36 of 3rd period - Mika Zibanejad wins face-off versus Morgan Barron in Edmonton Oilers zone.
12:44 of 3rd period - Icing by Brandon Carlo.
12:45 of 3rd period - Mika Zibanejad wins face-off versus Morgan Barron in Edmonton Oilers zone.
12:58 of 3rd period - Snap shot by Morgan Barron.
12:58 of 3rd period - Shot Blocked by Roman Josi.
14:11 of 3rd period - Icing by Shea Theodore.
14:12 of 3rd period - Mika Zibanejad wins face-off versus Dylan Holloway in Vegas Golden Knights zone.
14:12 of 3rd period - Mika Zibanejad is hit by Dawson Mercer.
14:52 of 3rd period - Slapshot by Auston Matthews.
14:52 of 3rd period - Shot Hit the Post.
14:54 of 3rd period - Slapshot by Bryan Rust.
14:54 of 3rd period - Shot Misses the Net.
14:56 of 3rd period - Slapshot by Shea Theodore.
14:56 of 3rd period - Shot Blocked by David Savard.
15:06 of 3rd period - Snap shot by Mika Zibanejad.
15:06 of 3rd period - Stopped by Karel Vejmelka without a rebound.
15:07 of 3rd period - Jordan Staal wins face-off versus Tanner Jeannot in Edmonton Oilers zone.
15:10 of 3rd period - Slapshot by Mathew Barzal.
15:10 of 3rd period - Shot Misses the Net.
15:12 of 3rd period - Wrist shot by Reilly Smith.
15:12 of 3rd period - Shot Blocked by Brett Pesce.
15:14 of 3rd period - Slapshot by Mathew Barzal.
15:14 of 3rd period - Deflect By Reilly Smith.
15:14 of 3rd period - Shot Hit the Post.
15:14 of 3rd period - Puck is out of play.
15:15 of 3rd period - Tanner Jeannot wins face-off versus Jordan Staal in Edmonton Oilers zone.
15:15 of 3rd period - Tanner Jeannot is hit by Reilly Smith.
15:39 of 3rd period - Off-side.
15:40 of 3rd period - Sean Monahan wins face-off versus Ryan McLeod in neutral zone.
15:49 of 3rd period - Tyler Toffoli is hit by Adrian Kempe.
17:00 of 3rd period - Minor Penalty to Dawson Mercer for Slashing.
17:01 of 3rd period - Jake DeBrusk wins face-off versus Sean Monahan in Edmonton Oilers zone.
17:14 of 3rd period - Snap shot by Jared McCann.
17:14 of 3rd period - Shot Misses the Net.
17:36 of 3rd period - Snap shot by Mika Zibanejad.
17:36 of 3rd period - Shot Blocked by Jake DeBrusk.
17:38 of 3rd period - Snap shot by Auston Matthews.
17:38 of 3rd period - Stopped by Karel Vejmelka with a rebound.
17:40 of 3rd period - Snap shot by Mika Zibanejad.
17:40 of 3rd period - Shot Misses the Net.
19:00 of 3rd period - Penalty to Dawson Mercer is over, Dawson Mercer is back on ice.
19:10 of 3rd period - Vegas Golden Knights, Mackenzie Blackwood is pulled from the net.
19:10 of 3rd period - Slapshot by Reilly Smith.
19:10 of 3rd period - Shot Misses the Net.
19:12 of 3rd period - Snap shot by Mathew Barzal.
19:12 of 3rd period - Stopped by Karel Vejmelka with a rebound.
19:24 of 3rd period - Wrist shot by Andreas Athanasiou.
19:24 of 3rd period - Stopped by Karel Vejmelka with a rebound.
19:26 of 3rd period - Wrist shot by Roman Josi.
19:26 of 3rd period - Stopped by Karel Vejmelka with a rebound.
19:28 of 3rd period - Slapshot by Jack Johnson.
19:28 of 3rd period - Stopped by Karel Vejmelka with a rebound.
19:30 of 3rd period - Wrist shot by Andreas Athanasiou.
19:30 of 3rd period - Stopped by Karel Vejmelka with a rebound.
19:32 of 3rd period - Slapshot by Jack Johnson.
19:32 of 3rd period - Shot Misses the Net.
19:42 of 3rd period - Snap shot by Mathew Barzal.
19:42 of 3rd period - Stopped by Karel Vejmelka with a rebound.
Goals for this period are 1 for Edmonton Oilers vs 0 for Vegas Golden Knights.
Shots for this period are 8 for Edmonton Oilers vs 14 for Vegas Golden Knights.
Back to the Top